 Dungeon Crawl Stone Soup version 0.31-a0-981-geadf994542 (webtiles) character file.

Game seed: 16096224476446165239

39 Hooloovoo the Firebug (level 3, -1/31 HPs)
             Began as an Ogre Fire Elementalist on Nov 1, 2023.
             Slain by an adder (2 damage)
             ... on level 2 of the Dungeon.
             The game lasted 00:11:53 (818 turns).

Hooloovoo the Firebug (Ogre Fire Elementalist)       Turns: 818, Time: 00:11:53

Health: -1/31      AC:  4    Str: 12    XL:     3   Next: 45%
Magic:  4/7        EV: 10    Int: 18    God:
Gold:   16         SH:  0    Dex:  9    Spells: 6/7 levels left

rFire   . . .        f - +1 short sword (freeze)
rCold   . . .        (no shield)
rNeg    . . .        a - +0 robe
rPois   .            h - +1 hat
rElec   .            (no cloak)
rCorr   .            (gloves unavailable)
SInv    .            (boots unavailable)
Will    .....        (no amulet)
Stlth   ++           (no ring)
HPRegen 0.25/turn    (no ring)
MPRegen 0.10/turn

%: no passive effects
@: lethally poisoned (-1 -> -2)
A: large, unfitting armour, tough skin 1
a: no special abilities


You were on level 2 of the Dungeon.
You visited 1 branch of the dungeon, and saw 2 of its levels.

You collected 16 gold pieces.

Inventory:

Hand Weapons
 d - a +0 short sword
 f - a +1 short sword of freezing (weapon)
Armour
 a - a +0 robe (worn)
 h - a +1 hat (worn)
Talismans
 g - a flux talisman
Potions
 b - a potion of magic
 c - a potion of mutation {unknown}
 e - a potion of heal wounds {unknown}
 i - a potion of berserk rage {unknown}


   Skills:
 + Level 1.0 Short Blades
 + Level 2.0 Dodging
 + Level 1.7 Stealth
 + Level 2.8 Spellcasting
 + Level 0.8 Conjurations
 + Level 3.1 Fire Magic


You had 6 spell levels left.
You knew the following spells:

 Your Spells              Type           Power      Damage    Failure   Level
a - Foxfire               Conj/Fire      36%        2x1d5     8%          1

Your spell library contained the following spells:

 Spells                   Type           Power      Damage    Failure   Level
 Scorch                   Fire           28%        2d6       7%          2
 Inner Flame              Hex/Fire       8%         N/A       26%         3
 Volatile Blastmotes      Fire/Tloc      16%        2d11      26%         3
 Flame Wave               Conj/Fire      9%         2d6       58%         4
 Manifold Assault         Tloc           2%         N/A       86%         4
 Dispersal                Tloc           1%         N/A       100%        6
 Disjunction              Tloc           1%         N/A       100%        8


Dungeon Overview and Level Annotations

Branches:
Dungeon (2/15)

Altars:


Innate Abilities, Weirdness & Mutations

You are too large for most types of armour.
You have tough skin. (AC +1)


Message History

You miss the adder.
The adder is heavily wounded.
The adder is no longer moving slowly.
You miss the adder.
The adder is heavily wounded.
The adder barely misses you. x2
You hit the adder. You freeze the adder.
The adder is severely wounded.
The adder closely misses you.
You closely miss the adder.
The adder is severely wounded.
The adder bites you but does no damage.
You barely miss the adder.
The adder is severely wounded.
The adder barely misses you.
You barely miss the adder.
The adder is severely wounded.
The adder closely misses you.
You barely miss the adder.
The adder is severely wounded.
The adder bites you but does no damage. The adder bites you.
* * * LOW HITPOINT WARNING * * *
You are poisoned.
The adder poisons you!
You barely miss the adder.
The adder is heavily wounded.
* * * LOW HITPOINT WARNING * * *
You feel sick. The adder bites you.
* * * LOW HITPOINT WARNING * * *
You hit the adder but do no damage. You punch the adder, but do no damage.
The adder is heavily wounded.
* * * LOW HITPOINT WARNING * * *
You feel sick. The adder bites you.
* * * LOW HITPOINT WARNING * * *
Casting: Foxfire (safe; 8% risk of failure)
Confirm with . or Enter, or press ? or * to list all spells.
You conjure some foxfire!
* * * LOW HITPOINT WARNING * * *
You feel sick. The adder bites you.
You die...

......# ........#
†.....# .......
......# ......
......####### #...#
............# #...#
......#####.# #S#
####.#......# #.#
#.#.###############.#
#.#.# #....†v@S...†.#
#.#.# #†#############
#.#.# #.# #.#<#
#.##### #.### #.....#
#.# #####.# #.# #.#
#.# #.# #.# #.#


You could see an adder (ally target).

Vanquished Creatures
  An adder (D:2)
  An endoplasm (D:1)
  3 giant cockroaches (D:1)
  3 hobgoblins
  3 jackals (D:1)
  6 ball pythons
  2 bats (D:1)
  4 frilled lizards
  2 kobolds (D:1)
  4 rats (D:1)
29 creatures vanquished.

Vanquished Creatures (others)
  28 foxfires
28 creatures vanquished.

Grand Total: 57 creatures vanquished

Notes
Turn   | Place    | Note
-------+----------+-------------------------------------------
     0 | D:1      | Hooloovoo the Ogre Fire Elementalist began the quest for
                  | the Orb.
     0 | D:1      | Reached XP level 1. HP: 16/16 MP: 3/3
   122 | D:1      | Reached XP level 2. HP: 21/24 MP: 5/5
   135 | D:1      | Reached skill level 3 in Fire Magic
   616 | D:1      | Reached XP level 3. HP: 25/31 MP: 7/7
   803 | D:2      | Reached skill level 1 in Short Blades
   818 | D:2      | HP: 1/31 [poisoned by an adder]
   818 | D:2      | Slain by an adder

Illustrated notes

Levels and vault maps discovered:
D:1:      evilmike_arrival_hilbert_curve, layout_rooms,
          minmay_misc_feat_pillars, serial_park_tiny_2
D:2:      layout_basic, nicolae_half_adder

Skill      XL: |  1  2  3 |
---------------+----------+-----
Dodging        | 2 |  2.0
Fire Magic     | 3 |  3.1
Short Blades   | 1 |  1.0
Stealth        | |  1.7
Spellcasting   | |  2.8
Conjurations   | |  0.8

Action                     || total
---------------------------++-------
  Melee: Short sword       ||   303
         Unarmed           ||     4
         Punch             ||     7
   Cast: Foxfire           ||    25
   Stab: Sleeping          ||     2
 Armour: Robe              ||    55
  Dodge: Dodged            ||    50

Table legend: (Time is in decaauts)
 A = Elapsed time spent in this place.
 B = Non-inter-level travel time spent in this place.
 C = Inter-level travel time spent in this place.
 D = Time resting spent in this place.
 E = Time spent auto-exploring this place.
 F = Levels seen in this place.
 G = Mean time per level.
                   A        B        C        D        E       F      G
               +--------+--------+--------+--------+--------+-----+--------+
         Total |    815 |    452 |    363 |      0 |      0 |   2 |  407.5 |
       Dungeon |    815 |    452 |    363 |      0 |      0 |   2 |  407.5 |
               +--------+--------+--------+--------+--------+-----+--------+

Top non-repeatable levels by time:
     D:1: 676 daAuts
     D:2: 138 daAuts
